 Dungeon Sprint DCSS version 0.31-a0-1278-g11c5b68f87 (webtiles) character file.

Game seed: 11757274560950339867

116 bmb222 the Ruffian (level 4, -6/29 HPs)
             Began as a Demonspawn Shapeshifter on Dec 17, 2023.
             Mangled by a human
             ... wielding a +0 hand axe
              (13 damage)
             ... in the Dungeon (Sprint III: "The Ten Rune Challenge").
             The game lasted 00:01:12 (615 turns).

bmb222 the Ruffian (Demonspawn Shapeshifter)         Turns: 615, Time: 00:01:13

Health: -6/29      AC:  2    Str: 15    XL:     4   Next: 70%
Magic:  4/4        EV: 12    Int: 15    God:
Gold:   36         SH:  0    Dex: 11    Spells: 3/3 levels left

rFire   . .          .
                       - Unarmed
rCold   . . .        (no shield)
rNeg    . . .        a - +0 animal skin
rPois   .            (helmet currently unavailable)
rElec   .            (cloak currently unavailable)
rCorr   .            (gloves currently unavailable)
SInv    .            (boots currently unavailable)
Will    +....        (no amulet)
Stlth   +            (no ring)
HPRegen 0.24/turn    (no ring)
MPRegen 0.09/turn

%: no teleportation
@: beast-form, enlightened, flying
A: beast (slay +3), powered by pain 2, clever 1, frail 1, mutation resistance 1,
screaming 1
a: Begin Untransformation


You were in the Dungeon.
You were a hulking beast.
You visited 1 branch You collected 36 gold pieces.

Inventory:

Armour
 a - a +0 animal skin (worn)
Talismans
 c - a beast talisman
 d - a flux talisman
Scrolls
 e - a scroll of immolation {unknown}
 f - 3 scrolls of identify
 j - a scroll of blinking
 k - a scroll of poison {unknown}
Potions
 h - 2 potions of magic
 i - a potion of enlightenment


   Skills:
 + Level 2.0 Fighting
 + Level 3.2 Dodging
 + Level 0.1 Stealth
 + Level 6.1 Unarmed Combat
 + Level 5.8 Shapeshifting


You had 3 spell levels left.
You didn't know any spells.
Your spell library was empty.

Dungeon Overview and Level Annotations

Branches:
Dungeon (1/1)

Altars:
Kikubaaqudgha
Okawaru
Sif Muna
Trog
Uskayaw
Vehumet
Wu Jian


Innate Abilities, Weirdness & Mutations

You are a hulking beast.
Your limbs bulge with bestial killing power. (Slay +3)
You sometimes gain power by taking damage.
Your mind is acute. (Int +4, Str/Dex -1)
You are frail. (-10% HP)
You are somewhat resistant to further mutation.
You occasionally shout uncontrollably at your foes.


Message History

Your extra speed is starting to run out.
You start resting.
You feel yourself slow down.
You start resting.
You feel a little less mighty now.
You start resting.
HP restored.
There is an open door to the Ecumenical Temple here.
You open the door.
An arcanist comes into view. It is wielding a +0 dagger.
Found a book of Storms.
Found three altars.
You close the door.
There is a fountain of clear blue water here.
You open the door.
Found three altars.
You close the door.
You open the door.
A human comes into view.
The human shouts!
You hear a shout!
Found a ring mail.
Found five altars.
You close the door.
A human opens the door.
A human comes into view. It is wielding a +0 hand axe.
You close the door.
A human breaks down the door.
You hit the human.
The human is lightly wounded.
The human barely misses you.
It was a potion of enlightenment.
You feel very buoyant.
You fly up into the air.
The human hits you with a +0 hand axe! x2
* * * LOW HITPOINT WARNING * * *
You hit the human.
The human is lightly wounded.
The human barely misses you.
You hit the human but do no damage.
The human is lightly wounded.
The human completely misses you.
You punch the human!
The human is moderately wounded.
The human hits you with a +0 hand axe!
You die...

▓▓▓ ▓▓▓ ..####
##.#########
.....#####..#___#___#
......#..#..# ..#p_.
.##...#..#..###+#p###+##
.###..##'#..#...h......#
#.##..###...'.⌠........#
.##..####...#...######+#
.##..###....#.⌠.#
##.).##.....#...#
#....#......#+###
#..##.#.....#.p
#..#####....#___ ▓▓▓▓
▓▓▓▓▓▓▓▓▓▓


You could see 2 humans.

Vanquished Creatures
  A water elemental (D)
  Jessica (D)
  A human (D)
  A wolf (D)
  3 rats (D)
7 creatures vanquished.

Notes
Turn   | Place    | Note
-------+----------+-------------------------------------------
     0 | D        | bmb222 the Demonspawn Shapeshifter began the quest for the
                  | Orb.
     0 | D        | Reached XP level 1. HP: 15/15 MP: 1/1
    13 | D        | Reached skill level 3 in Unarmed Combat
    44 | D        | Noticed Jessica
    54 | D        | Killed Jessica
    55 | D        | Reached skill level 4 in Unarmed Combat
    55 | D        | Gained mutation: You sometimes gain a little power by
                  | taking damage. [demonic ancestry]
    55 | D        | Reached XP level 2. HP: 21/21 MP: 2/2
   123 | D        | Reached XP level 3. HP: 26/26 MP: 3/3
   129 | D        | Reached skill level 5 in Unarmed Combat
   129 | D        | Reached skill level 5 in Shapeshifting
   465 | D        | Gained mutation: You are frail. (-10% HP) [potion of
                  | mutation]
   466 | D        | Lost mutation: You are frail. (-10% HP) [potion of
                  | mutation]
   466 | D        | Gained mutation: You have a pair of small horns on your
                  | head. [potion of mutation]
   466 | D        | Gained mutation: You occasionally lose the ability to read
                  | scrolls when taking damage. [potion of mutation]
   467 | D        | Lost mutation: You occasionally lose the ability to read
                  | scrolls when taking damage. [potion of mutation]
   467 | D        | Lost mutation: You have a pair of small horns on your head.
                  | [potion of mutation]
   467 | D        | Gained mutation: You are weak. (Str -2) [potion of
                  | mutation]
   467 | D        | Gained mutation: You possess an exceptional clarity of
                  | mind. [potion of mutation]
   468 | D        | Lost mutation: You are weak. (Str -2) [potion of mutation]
   468 | D        | Lost mutation: You possess an exceptional clarity of mind.
                  | [potion of mutation]
   468 | D        | Gained mutation: You sometimes lose your temper in combat.
                  | [potion of mutation]
   468 | D        | Gained mutation: Your flesh is cold resistant. (rC+)
                  | [potion of mutation]
   469 | D        | Lost mutation: Your flesh is cold resistant. (rC+) [potion
                  | of mutation]
   469 | D        | Lost mutation: You sometimes lose your temper in combat.
                  | [potion of mutation]
   469 | D        | Gained mutation: Your mind is acute. (Int +4, Str/Dex -1)
                  | [potion of mutation]
   469 | D        | Gained mutation: You are frail. (-10% HP) [potion of
                  | mutation]
   469 | D        | Gained mutation: You occasionally shout uncontrollably at
                  | your foes. [potion of mutation]
   469 | D        | Gained mutation: You are somewhat resistant to further
                  | mutation. [potion of mutation]
   475 | D        | Noticed a water elemental
   480 | D        | Killed a water elemental
   481 | D        | Reached skill level 6 in Unarmed Combat
   481 | D        | Gained mutation: You sometimes gain power by taking damage.
                  | [demonic ancestry]
   481 | D        | Reached XP level 4. HP: 6/29 MP: 4/4
   597 | D        | Found a radiant altar of Vehumet.
   597 | D        | Found a shimmering blue altar of Sif Muna.
   597 | D        | Found an ancient bone altar of Kikubaaqudgha.
   597 | D        | Noticed an arcanist
   607 | D        | Found a hide-covered altar of Uskayaw.
   607 | D        | Found an iron altar of Okawaru.
   607 | D        | Found a bloodstained altar of Trog.
   607 | D        | Found an ornate altar of the Wu Jian Council.
   607 | D        | Noticed a human
   609 | D        | Noticed a human
   615 | D        | Mangled by a human

Illustrated notes

Levels and vault maps discovered:
D:        dungeon_sprint_mu [sprint_mu_entry_cave, sprint_mu_temple_rooms,
          sprint_mu_d1_horrors, sprint_mu_d2_genie, sprint_mu_d3_branching,
          sprint_mu_orc_legion, sprint_mu_elf_gauntlet, sprint_mu_hive_nellie,
          sprint_mu_lair_fedhas, sprint_mu_vaults_butterflies,
          sprint_mu_slime_circle, sprint_mu_shoals_kraken,
          sprint_mu_snake_twists, sprint_mu_blade_basic,
          sprint_mu_crypt_fortress, sprint_mu_tomb_spiral,
          sprint_mu_vestibule_basic, sprint_mu_gehenna_hellfire,
          sprint_mu_dis_giant, sprint_mu_tartarus_statrot,
          sprint_mu_cocytus_islands, sprint_mu_zot1]

Skill      XL: |  1  2  3 |
---------------+----------+-----
Unarmed Combat | 4 6 |  6.1
Shapeshifting  | 4 5 |  5.8
Dodging        | 2 3 |  3.2
Fighting       | 2 |  2.0
Stealth        | |  0.1

Action                     |  1- 3 |  4- 6 || total
---------------------------+-------+-------++-------
  Melee: Unarmed           |    25 |     4 ||    29
    Use: Potion            |    10 |     1 ||    11
 Armour: Animal skin       |    10 |     3 ||    13
         Skin              |     9 |       ||     9
  Dodge: Dodged            |    13 |     3 ||    16

Table legend: (Time is in decaauts)
 A = Elapsed time spent in this place.
 B = Non-inter-level travel time spent in this place.
 C = Inter-level travel time spent in this place.
 D = Time resting spent in this place.
 E = Time spent auto-exploring this place.
 F = Levels seen in this place.
 G = Mean time per level.
                   A        B        C        D        E       F      G
               +--------+--------+--------+--------+--------+-----+--------+
         Total |    608 |    608 |      0 |    474 |     38 |   1 |  608.0 |
       Dungeon |    608 |    608 |      0 |    474 |     38 |   1 |  608.0 |
               +--------+--------+--------+--------+--------+-----+--------+

Top non-repeatable levels by time:
       D: 608 daAuts
